 Dungeon Crawl Stone Soup version 0.14-a0-1076-gee4852e (webtiles) character file.

226 PolkaDot the Sneak (level 4, 0/30 HPs)
             Began as a Vampire Conjurer on Nov 25, 2013.
             Slain by a scorpion (5 damage)
             ... while paralysed by a potion of paralysis
             ... on Level 4 of the Dungeon.
             The game lasted 00:08:46 (2946 turns).

PolkaDot the Sneak (Vampire Conjurer)               Turns: 2946, Time: 00:08:46

HP   0/30        AC  2     Str  7      XL: 4   Next: 79%
MP   1/9         EV  2     Int 18      God:
Gold 103         SH  0     Dex 14      Spells:  3 memorised,  0 levels left

rFire  . . .     SeeInvis +     d - +0,-1 elf dagger (curse)
rCold  . . .     Clarity  +     a - +0 robe
rNeg   . . .     Conserve .     (no shield)
rPois  .         rCorr    .     (no helmet)
rElec  .         rRot     .     (no cloak)
SustAb . .       Spirit   .     (no gloves)
rMut   .         Warding  .     (no boots)
Saprov . . .     Stasis   .     i - amulet of clarity {unknown}
                                (no ring)
                                (no ring)

@: paralysed, regenerating quickly, mildly poisoned, slightly resistant to
hostile enchantments, quite stealthy
A: fangs 3, see invisible, unbreathing
a: no special abilities


You were on level 4 of the Dungeon.
You were full.

You visited 1 branch of the dungeon, and saw 4 of its levels.

You collected 103 gold pieces.

Inventory:

Hand weapons
 d - a cursed +0,-1 elven dagger (weapon)
 j - a +2,+0 elven dagger
Armour
 a - a +0 robe (worn)
Scrolls
 b - a scroll of enchant weapon II {unknown}
 e - 5 scrolls of identify {unknown}
 g - 2 scrolls of teleportation {unknown}
 h - 2 scrolls of curse weapon {unknown}
 k - 2 scrolls of remove curse {unknown}
 m - 3 scrolls of amnesia {unknown}
Jewellery
 i - an amulet of clarity (around neck) {unknown}
 o - an uncursed amulet of guardian spirit
Potions
 n - a potion of restore abilities {unknown}
Books
 c - a book of Conjurations

   Spells                             Type                      Level
   *Magic Dart                        Conjuration                  1
   *Searing Ray                       Conjuration                  2
   Dazzling Spray                     Conjuration/Hexes            3
   *Iskenderun's Mystic Blast         Conjuration                  4
   Iskenderun's Battlesphere          Conjuration/Charms           4
   Fulminant Prism                    Conjuration/Hexes            5


   Skills:
 - Level 3.2 Dodging
 - Level 4.6 Stealth
 - Level 2.0 Spellcasting
 * Level 3.6 Conjurations


You couldn't memorise any spells.
You knew the following spells:

 Your Spells              Type           Power        Failure   Level  Hunger
a - Magic Dart            Conj           ##..         4%          1    #......
d - Iskenderun's Mystic   Conj           ##......     41%         4    #####..
s - Searing Ray           Conj           ##....       8%          2    ##.....


Dungeon Overview and Level Annotations

Branches:
Dungeon (4/16)
 Temple: D:4-7

Altars:


Innate Abilities, Weirdness & Mutations

Your natural rate of healing is unusually fast.
You have razor-sharp teeth.*
You have supernaturally acute eyesight.
You can survive without breathing.*


Message History

The scorpion barely misses you.
You hit the scorpion but do no damage.
The scorpion is severely wounded.
The scorpion stings you.
You are poisoned.
The scorpion poisons you!
You hit the scorpion but do no damage. Your bite misses the scorpion.
The scorpion is severely wounded.
You feel sick. The scorpion stings you.
* * * LOW HITPOINT WARNING * * *
Drink which item? (? for menu, Esc to quit)
You suddenly lose the ability to move!
It was a potion of paralysis.
* * * LOW HITPOINT WARNING * * *
You feel sick. The scorpion stings you.
* * * LOW HITPOINT WARNING * * *
You are more poisoned.
The scorpion poisons you!
* * * LOW HITPOINT WARNING * * *
You feel sick. The scorpion stings you.
You die...

## ### #.
... ###.
##.#### ..!
.......
#.#s..#####
#.@........
#..%.######
#.......
##...####
#..>.
#...##
#...# #...#
#..


You could see a scorpion.

Vanquished Creatures
  An adder (D:2)
  4 worms
  3 giant geckos
  An ooze (D:1)
  An orc (D:3)
  9 goblins
  11 hobgoblins
  7 jackals
  A quokka (D:3)
  A ball python (D:3)
  15 bats
  7 giant cockroaches
  3 giant newts
  12 kobolds
  6 rats
82 creatures vanquished.

Notes
Turn   | Place    | Note
--------------------------------------------------------------
     0 | D:1      | PolkaDot, the Vampire Conjurer, began the quest for the Orb.
     0 | D:1      | Reached XP level 1. HP: 13/13 MP: 4/4
   249 | D:1      | Reached XP level 2. HP: 19/19 MP: 0/5
   271 | D:1      | Learned a level 2 spell: Searing Ray
   947 | D:2      | Reached XP level 3. HP: 24/24 MP: 1/7
  1375 | D:2      | HP: 1/24 [bat (1)]
  1397 | D:2      | Reached skill level 4 in Stealth
  1582 | D:2      | Reached XP level 4. HP: 27/30 MP: 8/8
  2317 | D:3      | Learned a level 4 spell: Iskenderun's Mystic Blast
  2945 | D:4      | Paralysed by a potion of paralysis for 3 turns
  2946 | D:4      | Slain by a scorpion

Action                   |  1- 3 |  4- 6 || total
-------------------------+-------+-------++-------
Melee: Unarmed           |    12 |       ||    12
       Dagger            |   136 |   131 ||   267
 Cast: Magic Dart        |    42 |     7 ||    49
       Searing Ray       |     2 |     6 ||     8
  Use: Potion            |     2 |     3 ||     5
 Stab: Sleeping          |     1 |     9 ||    10
       Distracted        |       |     1 ||     1
